 Dungeon Crawl Stone Soup version 0.24.1-14-gf8d2b509d9 (webtiles) character file.

Game seed: 14918666944577597096, levelgen mode: deterministic

7043 Curus the Spear-Bearer (level 11, -5/138 HPs)
             Began as a Merfolk Gladiator on May 27, 2020.
             Was a Priest of Trog.
             Slain by a yak (12 damage)
             ... on level 2 of the Lair of Beasts on May 28, 2020.
             The game lasted 00:44:26 (9217 turns).

Curus the Spear-Bearer (Merfolk Gladiator)          Turns: 9217, Time: 00:44:27

Health: -5/138     AC: 10    Str: 19    XL:     11   Next: 9%
Magic:  11/11      EV: 21    Int:  9    God:    Trog [***...]
Gold:   318        SH:  0    Dex: 20    Spells: 10/10 levels left

rFire    . . .     SeeInvis .   a - +1 trident
rCold    + . .     Gourm    .   (no shield)
rNeg     . . .     Faith    .   x - +0 ring mail
rPois    +         Spirit   .   c - +1 helmet
rElec    .         Reflect  .   r - +0 cloak
rCorr    .         Harm     .   (no gloves)
MR       .....                  s - +1 pair of boots {Fly}
Stlth    ..........             (no amulet)
HPRegen  0.33/turn              h - ring of protection from cold
MPRegen  0.12/turn              (no ring)

@: berserking, flying, very quick
A: change form in water, swift swim, stealthy swim, agile 1, poison resistance
a: Berserk, Trog's Hand, Renounce Religion, Stop Flying


You were on level 2 of the Lair of Beasts.
You worshipped Trog.
Trog was most pleased with you.
You were not hungry.

You visited 2 branches of the dungeon, and saw 10 of its levels.

You collected 505 gold pieces.
You spent 187 gold pieces at shops.

Inventory:

Hand Weapons
 a - a +1 trident (weapon)
Missiles
 d - 3 throwing nets (quivered)
Armour
 b - a +0 leather armour
 c - a +1 helmet (worn)
 r - a +0 cloak (worn)
 s - a +1 pair of boots of flying (worn)
 x - a +0 ring mail (worn)
Jewellery
 e - an uncursed ring of teleportation
 h - a ring of protection from cold (left hand)
Wands
 q - a wand of enslavement (15)
 u - a wand of paralysis (10)
 y - a wand of polymorph (7)
 z - a wand of disintegration (9)
Scrolls
 g - 5 scrolls of remove curse
 i - 2 scrolls of amnesia
 j - 7 scrolls of identify
 l - 2 scrolls of magic mapping
 n - 5 scrolls of teleportation
 o - 2 scrolls of fear
 w - a scroll of fog
 A - a scroll of blinking
 B - 2 scrolls of torment
Potions
 k - 3 potions of brilliance
 m - 2 potions of ambrosia
 p - 4 potions of curing
 t - a potion of heal wounds
Comestibles
 f - 11 rations


   Skills:
 + Level 10.5 Fighting
 - Level 14.2 Polearms
 - Level 2.0 Throwing
 + Level 12.5 Dodging


You had 10 spell levels left.
You didn't know any spells.
Your spell library was empty.

Dungeon Overview and Level Annotations

Branches:
Dungeon (8/15)             Temple (0/1) D:4            Lair (2/6) D:8
  Swamp: Lair:2-4    Shoals: Lair:2-4     Snake: Lair:2-4    Spider: Lair:2-4

Altars:
Ashenzari
Elyvilon
Hepliaklqana
Kikubaaqudgha
Makhleb
Nemelex Xobeh
Okawaru
Trog
Wu Jian
Zin

Shops:
D:4 [   D:5 *

Annotations:
D:6 1 runed translucent door


Innate Abilities, Weirdness & Mutations

You revert to your normal form in water.
You are very nimble and swift while swimming.
You are very stealthy in the water. (Stealth+)
You are agile. (Dex +2)
Your system is resistant to poisons. (rPois)


Message History

The yak is moderately wounded.
You hit the yak.
The yak is lightly wounded.
You puncture the yak!
The yak is moderately wounded.
The yak barely misses you. The yak gores you!
* * * LOW HITPOINT WARNING * * *
A red film seems to cover your vision as you go berserk!
You feel yourself moving faster!
You feel mighty!
You feel a lot more hungry. The yak gores you.
* * * LOW HITPOINT WARNING * * *
The yak barely misses you.
You closely miss the yak.
The yak is moderately wounded.
You impale the yak!!
The yak is almost dead.
The yak gores you!
* * * LOW HITPOINT WARNING * * *
The yak gores you!
You die...

§≈≈≈≈§..# ....#
≈≈§§§..?###...##
k≈≈§≈≈.†.##....#
k≈≈§§≈...##....#
.k≈≈≈≈(.......#
#.§§§≈≈...P...#
##.≈≈§≈≈.......#
#..§≈§§.....P.Y###
..§§≈≈≈§.....†YY@#
..§≈≈§§§....####Y.#
§§§≈≈≈§....## #..#
§§§≈≈≈§§..## #..#
§≈§≈≈.§..## ##..
≈§≈§§§....# #.#
≈≈.§....### +#
...§....# §..(..#P#


You could see 4 yaks.

Vanquished Creatures
  A hydra (Lair:1)
  A catoblepas (Lair:2)
  A spiny frog (Lair:2)
  A komodo dragon (Lair:1)
  Grinder (D:6)
  6 hippogriffs
  Sigmund (D:5)
  A spriggan (D:7)
  A wyvern (Lair:1)
  A yak (Lair:2)
  A basilisk (Lair:1)
  Edmund (D:6)
  A porcupine (Lair:1)
  7 water moccasins
  An ice beast (D:7)
  A phantom (D:5)
  3 sky beasts
  3 crocodiles (Lair:1)
  2 bullfrogs
  A water moccasin zombie (D:8)
  4 scorpions
  3 wights (D:7)
  5 crimson imps
  A centaur zombie (D:7)
  2 orc priests (D:5)
  Crazy Yiuf (D:6)
  A gnoll shaman (D:3)
  2 hounds
  3 orc wizards
  2 bullfrog skeletons
  An iguana (D:4)
  2 hell rats (Lair:1)
  4 worker ants
  A hound zombie (D:5)
  A worker ant zombie (D:7)
  6 river rats (Lair:1)
  5 adders
  4 gnolls
  A shadow imp (D:5)
  2 oozes
  3 worms
  3 dart slugs
  3 leopard geckos
  15 orcs
  7 bats
  A bat zombie (D:3)
  A giant cockroach (D:6)
  2 goblins (D:1)
  3 hobgoblins
  14 jackals
  3 kobolds
  5 quokkas
  A ball python (D:5)
  6 frilled lizards
  2 quokka skeletons
  A quokka zombie (D:5)
  7 rats
  2 rat zombies (D:3)
166 creatures vanquished.

Notes
Turn   | Place    | Note
-------+----------+-------------------------------------------
     0 | D:1      | Curus the Merfolk Gladiator began the quest for the Orb.
     0 | D:1      | Reached XP level 1. HP: 16/16 MP: 1/1
    91 | D:1      | Reached skill level 5 in Polearms
   118 | D:1      | Reached XP level 2. HP: 17/22 MP: 2/2
   783 | D:2      | Reached skill level 6 in Polearms
   783 | D:2      | Reached XP level 3. HP: 23/27 MP: 3/3
   811 | D:2      | Found a shattered altar of Ashenzari.
   959 | D:2      | Gained mutation: Your system is resistant to poisons.
                  | (rPois) [potion of mutation]
   959 | D:2      | Gained mutation: You are agile. (Dex +2) [potion of
                  | mutation]
  1332 | D:2      | Found a sparkling altar of Nemelex Xobeh.
  1334 | D:2      | Found a white marble altar of Elyvilon.
  1497 | D:3      | HP: 1/27 [orc wizard/magic dart (2)]
  1500 | D:3      | Reached skill level 7 in Polearms
  1500 | D:3      | Reached XP level 4. HP: 6/33 MP: 4/4
  1985 | D:3      | Found a bloodstained altar of Trog.
  2000 | D:3      | Became a worshipper of Trog the Wrathful
  2099 | D:3      | Found an iron altar of Okawaru.
  2241 | D:3      | Found a hazy altar of Hepliaklqana.
  2274 | D:3      | Reached skill level 8 in Polearms
  2274 | D:3      | Reached XP level 5. HP: 23/38 MP: 5/5
  2426 | D:3      | Found a burning altar of Makhleb.
  2488 | D:3      | Found an ancient bone altar of Kikubaaqudgha.
  2596 | D:4      | Reached * piety under Trog
  3032 | D:4      | Reached skill level 9 in Polearms
  3057 | D:3      | Reached XP level 6. HP: 10/44 MP: 6/6
  3357 | D:4      | Found a staircase to the Ecumenical Temple.
  3658 | D:4      | Found Zihea's Antique Armour Emporium.
  3672 | D:4      | Reached skill level 10 in Polearms
  3701 | D:4      | Bought a pair of runed boots for 187 gold pieces
  4113 | D:4      | Found an ornate altar of the Wu Jian Council.
  4183 | D:5      | Entered Level 5 of the Dungeon
  4469 | D:5      | Noticed a phantom
  4500 | D:5      | Reached XP level 7. HP: 22/50 MP: 7/7
  4501 | D:5      | Reached skill level 11 in Polearms
  4886 | D:5      | Reached skill level 12 in Polearms
  4895 | D:5      | Reached ** piety under Trog
  4936 | D:5      | Found Lats's Mass Market.
  5018 | D:5      | Noticed Sigmund
  5051 | D:5      | Killed Sigmund
  5051 | D:5      | Reached skill level 13 in Polearms
  5051 | D:5      | Reached XP level 8. HP: 38/56 MP: 8/8
  5177 | D:6      | Noticed Edmund
  5198 | D:6      | Killed Edmund
  5212 | D:6      | Noticed Grinder
  5222 | D:6      | Killed Grinder
  5222 | D:6      | Reached skill level 14 in Polearms
  5510 | D:6      | Found a glowing silver altar of Zin.
  5512 | D:6      | Found a runed translucent door.
  5512 | D:6      | Noticed an angel
  5740 | D:6      | Found a runed translucent door.
  5741 | D:6      | Noticed Crazy Yiuf
  6026 | D:6      | Killed Crazy Yiuf
  6026 | D:6      | Reached skill level 5 in Dodging
  6174 | D:7      | Reached XP level 9. HP: 57/65 MP: 9/9
  6355 | D:7      | Reached skill level 5 in Fighting
  7237 | D:8      | Found a staircase to the Lair.
  7281 | Lair:1   | Entered Level 1 of the Lair of Beasts
  7362 | Lair:1   | Reached *** piety under Trog
  7640 | Lair:1   | Reached XP level 10. HP: 70/79 MP: 10/10
  7753 | Lair:1   | Reached skill level 10 in Dodging
  8397 | Lair:1   | Noticed a four-headed hydra
  8417 | Lair:1   | Killed a four-headed hydra
  8793 | Lair:1   | Received a gift from Trog
  9108 | Lair:2   | Noticed a catoblepas
  9115 | Lair:2   | Noticed a spiny frog
  9129 | Lair:2   | Killed a catoblepas
  9129 | Lair:2   | Reached skill level 10 in Fighting
  9129 | Lair:2   | Reached XP level 11. HP: 28/91 MP: 11/11
  9192 | Lair:2   | Noticed a lindwurm
  9197 | Lair:2   | Noticed a lindwurm
  9202 | Lair:2   | Noticed a lindwurm
  9217 | Lair:2   | Slain by a yak

Levels and vault maps discovered:
D:1:      scummos_arrival_gate, layout_loops_ring
D:2:      layout_loops_corners, minitemple
D:3:      layout_loops_ring, bloody_makhleb, okawaru_gym_becter,
          old_standard_altar, lemuel_zombie_altar_kikubaaqudgha,
          trog_butcher_becter
D:4:      layout_loops_ring, lemuel_coloured_pillars_altar,
          minmay_temple_entry_statues, serial_shops, nicolae_shop_statue_plus,
          minmay_misc_feat_enclosed
D:5:      layout_rooms, first_ration, minmay_shop_mass, grunt_ministairs_2,
          uniq_sigmund
D:6:      layout_basic, minmay_misc_feat_tiny, hangedman_abyss_or_decor_passed,
          lemuel_angel_altar, uniq_crazy_yiuf_cottage, uniq_edmund, uniq_grinder
D:7:      layout_loops_cross, the_bakery
D:8:      layout_loops_cross, kennysheep_mini_moat, dpeg_oklobed_lair
Lair:1:   layout_regular_city, kennysheep_rathole, grunt_megastairs_4
Lair:2:   dpeg_oklob_gauntlet, layout_concentric_octagons,
          gammafunk_ghost_wrathful_warriors, minmay_lindwurm_lava

Skill      XL: |  1  2  3  4  5  6  7  8  9 10 |
---------------+-------------------------------+-----
Polearms       | 5 6 7 8 9 10 13 14 | 14.2
Fighting       | 4 7 10 | 10.5
Dodging        | 6 9 12 | 12.5
Throwing       | |  2.0

Action                   |  1- 3 |  4- 6 |  7- 9 | 10-12 || total
-------------------------+-------+-------+-------+-------++-------
Melee: Trident           |    71 |   205 |   419 |   218 ||   913
Invok: Berserk           |       |     2 |     2 |     5 ||     9
       Trog's Hand       |       |       |     2 |       ||     2
  Use: Scroll            |    10 |     2 |     4 |     1 ||    17
       Potion            |     8 |     3 |     2 |     2 ||    15
 Stab: Sleeping          |     1 |     1 |     2 |       ||     4
       Distracted        |       |       |     1 |       ||     1
  Eat: Ration            |     1 |     1 |     2 |     2 ||     6
       Chunk             |       |     8 |     6 |     2 ||    16
Armor: Leather armour    |    12 |    41 |    17 |       ||    70
       Ring mail         |       |       |    64 |    39 ||   103
Dodge: Dodged            |    31 |   107 |   201 |   131 ||   470
